 Dungeon Crawl Stone Soup version 0.16-a0-4088-g7c8221e (console) character file.

69 hhkb the Insei (level 4, -3/29 HPs)
             Began as an Octopode Transmuter on Feb 23, 2015.
             Slain by an orc priest (5 damage)
             ... on level 3 of the Dungeon.
             The game lasted 00:04:52 (2240 turns).

hhkb the Insei (Octopode Transmuter)                Turns: 2240, Time: 00:04:52

Health: -3/29      AC:  1    Str:  9    XL:     4   Next: 20%
Magic:  7/8        EV: 13    Int: 15    God:
Gold:   83         SH:  0    Dex: 13    Spells: 1 memorised, 6 levels left

rFire  . . .     SeeInvis .       - Unarmed
rCold  . . .     Clarity  .     (no shield)
rNeg   . . .     SustAb   .     (helmet restricted)
rPois  .         Gourm    .     (no amulet)
rElec  .         Spirit   .     (no ring)
rCorr  .         Warding  .     (no ring)
rMut   .         Stasis   .     (no ring)
MR     .....                    (no ring)
Stlth  ++........               (no ring)
                                (no ring)
                                (no ring)
                                (no ring)

@: appendage, not resistant to hostile enchantments, unstealthy
A: almost no armour, amphibious, 8 rings, constrict 8, tentacle spike 3,
camouflage 1, gelatinous body 1
a: End Transformation


You were on level 3 of the Dungeon.
You were not hungry.
One of your tentacles had a temporary spike.
You visited 1 branch of the dungeon, and saw 3 of its levels.

You collected 83 gold pieces.

Inventory:

Missiles
 b - 12 arrows
 e - 80 stones (quivered)
 p - 16 poisoned arrows
Jewellery
 h - an uncursed ring of see invisible {unknown}
   (You found it on level 1 of the Dungeon)
 o - an uncursed ring of invisibility {unknown}
   (You found it on level 2 of the Dungeon)
 q - an uncursed amulet of stasis {unknown}
   (You found it on level 2 of the Dungeon)
Scrolls
 c - a scroll of identify
 i - a scroll of enchant weapon {unknown}
 j - a scroll of fear
 k - a scroll of blinking {unknown}
 n - 3 scrolls of recharging
 t - a scroll of random uselessness {unknown}
Potions
 f - 2 potions of brilliance
 m - a potion of restore abilities
 r - a potion of curing
Books
 d - a book of Changes
Comestibles
 a - 3 bread rations {@e1}
 g - a meat ration {@e2}
 l - a beef jerky
 s - a chunk of flesh {@w0}


   Skills:
 - Level 1.8 Fighting
 - Level 2.8 Dodging
 + Level 3.5 Unarmed Combat
 - Level 2.3 Spellcasting
 - Level 2.3 Transmutations


You had 6 spell levels left.
You knew the following spells:

 Your Spells              Type           Power        Failure   Level  Hunger
a - Beastly Appendage     Trmt           #.....       12%         1    #......


Dungeon Overview and Level Annotations

Branches:
Dungeon (3/15)

Altars:
Ru


Innate Abilities, Weirdness & Mutations

You cannot wear most types of armour.
You are amphibious.
You can wear up to eight rings at the same time.
You can use your tentacles to constrict many enemies at once.
Your skin changes colour to match your surroundings (Stealth).
Your rubbery body absorbs attacks (AC +1).
One of your tentacles bears a large vicious spike.


Message History

Eating a chunk of flesh {@w0}.
You continue eating. x2
You hear the slow rusting of a very distant drain.
You regained 4 hp, and now have 14/29 hp.
You start resting.
You hear the slow rusting of a very distant drain.
You regained 5 hp, and now have 19/29 hp.
You start resting.
You hear the rusting of a very distant drain.
You regained 4 hp, and now have 23/29 hp.
Read which item? (? for menu, Esc to quit)
As you read the scroll labeled QUDAMAU GREGIH, it crumbles to dust.
It is a scroll of identify.
Identify which item? (\ to view known items) (? for menu, Esc to quit)
f - 2 potions of brilliance Read which item? (? for menu, Esc to quit)
You can't read that!
Read which item? (? for menu, Esc to quit)
As you read the scroll labeled ENLUGGA PSADIFUEWN, it crumbles to dust.
It is a scroll of recharging.
You aren't carrying any rechargeable items.
Read which item? (? for menu, Esc to quit)
As you read the scroll labeled YSETUH UHUUDDO, it crumbles to dust.
You assume a fearsome visage.
Nothing appears to happen.
It was a scroll of fear.
Read which item? (? for menu, Esc to quit)
Identify which item? (\ to view known items) (? for menu, Esc to quit)
As you read the scroll of identify, it crumbles to dust.
m - a potion of restore abilities Read which item? (? for menu, Esc to quit)
Identify which item? (\ to view known items) (? for menu, Esc to quit)
As you read the scroll of identify, it crumbles to dust.
r - a potion of curing
c - a scroll of identify A giant gecko and a giant cockroach come into view.
You regained 2 hp, and now have 26/29 hp.
There are monsters nearby!
A black bear comes into view.
The black bear growls angrily.
An orc and an orc priest come into view.
You barely miss the giant gecko.
The orc priest shouts!
The orc shouts!
Your grab misses the giant gecko. The giant gecko barely misses you.
The giant gecko bites you. 2 orcs come into view.
You take 4 damage, and have 22/29 hp.
The orc shouts! x2
You tentacle-slap the giant gecko. Your grab misses the giant gecko.
The giant cockroach barely misses you. The giant gecko closely misses you.
The giant cockroach misses you.
The giant cockroach completely misses you.
The giant cockroach waves its antennae.
The giant cockroach barely misses you. The giant cockroach barely misses you.
You hear the rusting of a very distant drain.
The giant cockroach bites you.
You take 1 damage, and have 23/29 hp.
The giant cockroach barely misses you.
You tentacle-slap the giant cockroach.
You kill the giant cockroach!
The orc barely misses you.
You see here a giant cockroach corpse.
You tentacle-slap the orc. Your grab misses the orc. You squeeze the orc.
You kill the orc!
You see here a giant cockroach corpse.
You butcher the giant cockroach corpse.
s - a chunk of flesh {@w0} A rat comes into view.
A rat is nearby!
You tentacle-slap the rat.
You kill the rat!
No target in view!
The orc priest shouts!
An orc priest is nearby!
The orc priest calls down the wrath of Beogh upon you.
Pain shoots through your body!
You take 11 damage, and have 15/29 hp.
MASSIVE DAMAGE!!
One of your tentacles grows a vicious spike.
You now have 7/8 mp.
You closely miss the orc priest. You grab the orc priest.
You constrict the orc priest.
The orc priest mumbles some strange prayers to Beogh against you.
Pain shoots through your body!
* * * LOW HITPOINT WARNING * * *
You take 9 damage, and have 7/29 hp.
MASSIVE DAMAGE!!
You tentacle-slap the orc priest.
You squeeze the orc priest, but do no damage.
You constrict the orc priest. The orc priest barely misses you.
You barely miss the orc priest. You squeeze the orc priest.
You hear the brisk rusting of a very distant drain.
You constrict the orc priest. The orc priest hits you.
* * * LOW HITPOINT WARNING * * *
You take 6 damage, and have 2/29 hp.
MASSIVE DAMAGE!!
You tentacle-slap the orc priest.
You pierce the orc priest, but do no damage.
You constrict the orc priest. The orc priest hits you.
You die...

...........#.#...# ..
.........o.##.#.###.#
#.#...#.####.#.....#
#.#...#.# ##...####
#.#...#l# ##.## #.#...#.#
####.#### #.##.##o#
#.......# ###.......#
#.##.##.# ..
.....#.######.##@##<####....
...............o...)........
..##.##.......#####.........
#.##.##.##.##.......#####...
.....##.##.##.####.##
.....##.##.##.####.#
#..†.......##....#.##
####.#.######.......# #.#.#
#.......#


You could see an orc priest.

Vanquished Creatures
  4 worms
  An ooze (D:1)
  An orc (D:3)
  4 bats
  3 giant cockroaches
  5 goblins
  8 hobgoblins
  2 giant geckos
  3 giant newts
  4 kobolds
  6 rats
41 creatures vanquished.

Notes
Turn   | Place    | Note
--------------------------------------------------------------
     0 | D:1      | hhkb, the Octopode Transmuter, began the quest for the Orb.
     0 | D:1      | Reached XP level 1. HP: 13/13 MP: 3/3
   162 | D:1      | Reached XP level 2. HP: 15/18 MP: 4/4
   652 | D:1      | Reached XP level 3. HP: 17/23 MP: 6/6
  1074 | D:2      | Found a sacrificial altar of Ru.
  1949 | D:3      | Reached XP level 4. HP: 26/29 MP: 7/7
  1955 | D:3      | HP: 7/29 [worm (8)]
  2166 | D:3      | Noticed a black bear
  2237 | D:3      | HP: 7/29 [orc priest/nerve-wracking pain (9)]
  2239 | D:3      | HP: 2/29 [orc priest (6)]
  2240 | D:3      | Slain by an orc priest

Action                   |  1- 3 |  4- 6 || total
-------------------------+-------+-------++-------
Melee: Unarmed           |    86 |    15 ||   101
Throw: Stone             |    20 |       ||    20
 Cast: Beastly Appendage |     4 |     2 ||     6
  Use: Scroll            |       |     5 ||     5
 Stab: Sleeping          |     8 |       ||     8
  Eat: Chunk             |     3 |     1 ||     4

Vault maps used:
D:1:      minmay_arrival_plants_in_alcoves, kennysheep_minor_cross,
          dk_noncrumbling_3, grunt_decor_one_mirror
D:2:      nicolae_ru_sacrificial_ziggurat
D:3:      gup_sewer_entry_bubbles

Table legend:
 A = Turns spent in this place as a percentage of turns spent in the entire game.
 B = Non-inter-level travel turns spent in this place as a percentage of non-inter-level travel turns spent in the entire game.
 C = Inter-level travel turns spent in this place as a percentage of turns spent in this place.
 D = Turns resting spent in this place as a percentage of non-inter-level travel turns spent in this place.
 E = Turns spent auto-exploring this place as a percentage of non-inter-level travel turns spent in this place.
 F = Non-inter-level travel turns spent in this place divided by the number of levels of this place that you've seen.
                   A       B       C       D       E      F
               +-------+-------+-------+-------+-------+----------------------
         Total | 100.0 | 100.0 |   0.3 |   2.9 |   8.9 | 254.3
       Dungeon | 100.0 | 100.0 |   0.3 |   2.9 |   8.9 | 254.3
               +-------+-------+-------+-------+-------+----------------------

Table legend:
 A = Kills in this place as a percentage of kills in entire the game.
 B = Kills by you in this place as a percentage of kills by you in the entire game.
 C = Kills by friends in this place as a percentage of kills by friends in the entire game.
 D = Other kills in this place as a percentage of other kills in the entire game.
 E = Experience gained in this place as a percentage of experience gained in the entire game.
 F = Experience gained in this place divided by the number of levels of this place that you have seen.
                   A       B       C       D       E      F
               +-------+-------+-------+-------+-------+----------------------
         Total | 100.0 | 100.0 |  -nan |  -nan | 100.0 |  33.0
       Dungeon | 100.0 | 100.0 |  -nan |  -nan | 100.0 |  33.0
               +-------+-------+-------+-------+-------+----------------------
